 Dungeon Crawl Stone Soup version 0.17.1-1-g73c8601 (webtiles) character file.

454663 Peloso the Hoplite (level 22, -5/211 HPs)
             Began as a Minotaur Fighter on Dec 31, 2015.
             Was the Champion of Okawaru.
             Slain by an iron troll (13 damage)
             ... on level 15 of the Dungeon on Jan 1, 2016.
             The game lasted 04:40:06 (61560 turns).

Peloso the Hoplite (Minotaur Fighter)              Turns: 61560, Time: 04:40:06

Health: -5/211     AC: 21    Str: 37    XL:     22   Next: 96%
Magic:  22/22      EV: 15    Int:  9    God:    Okawaru [******]
Gold:   5608       SH: 22    Dex: 14    Spells: 0 memorised, 21 levels left

rFire  + + +     SeeInvis +     P - +6 scimitar of Flaming Death {sticky flame, rPois rF++ rC- MR+}
rCold  + + .     Clarity  .     s - +1 plate armour of Elyvilon's Scorn {rPois rN++ Str+3}
rNeg   + + .     SustAt   .     Q - +2 shield {rC+ rF+}
rPois  +         Gourm    .     m - +2 hat {MR+}
rElec  +         Spirit   .     O - +2 cloak of the Moon {rF+ rC+}
rCorr  .         Warding  .     F - +3 pair of gauntlets of War {Slay+5}
rMut   .         Stasis   .     Z - +2 pair of boots {run}
MR     +++..                    J - amulet of faith
Stlth  ..........               V - ring "Zuaxkaol" {rPois Int+4 Slay+3 SInv}
                                x - ring of Lewuiz {Ice rElec Str+7}

@: corroded equipment, quick, extremely resistant to hostile enchantments,
extremely unstealthy
A: retaliatory headbutt, horns 2, talons 1
a: Heroism, Finesse, Renounce Religion
}: 3/15 runes: barnacled, silver, gossamer


You were on level 15 of the Dungeon.
You worshipped Okawaru.
Okawaru was exalted by your worship.
You were not hungry.

You visited 9 branches of the dungeon, and saw 45 of its levels.
You also visited: Labyrinth, Sewer, Ossuary and Ice Cave.

You collected 6174 gold pieces.
You spent 566 gold pieces at shops.

Inventory:

Hand Weapons
 i - the +8 autumn katana {slice, Clar}
   (You found it in an ice cave)

   It inflicts extra damage upon your enemies.
   It protects you against confusion.
 P - the +6 scimitar of Flaming Death (weapon) {sticky flame, rPois rF++ rC- MR+}
   (You took it off a yaktaur on level 5 of the Vaults)

   It has been specially enchanted to burn those struck by it, causing extra
   injury to most foes and up to half again as much damage against particularly
   susceptible opponents.
   Big, fiery blades are also staple armaments of hydra-hunters.
   It greatly protects you from fire.
   It makes you vulnerable to cold.
   It protects you from poison.
   It affects your resistance to hostile enchantments.
Armour
 m - a +2 hat of magic resistance (worn)
 s - the +1 plate armour of Elyvilon's Scorn (worn) {rPois rN++ Str+3}
   (You found it on level 3 of the Elven Halls)

   It affects your strength (+3).
   It protects you from poison.
   It greatly protects you from negative energy.
 F - the +3 pair of gauntlets of War (worn) {Slay+5}
   (You acquired it on level 8 of the Lair of Beasts)

   It affects your accuracy and damage with ranged weapons and melee attacks
   (+5).
 M - a +2 large shield of reflection
 O - the +2 cloak of the Moon (worn) {rF+ rC+}
   (Okawaru gifted it to you on level 5 of the Lair of Beasts)

   It protects you from fire.
   It protects you from cold.
 Q - a +2 shield of resistance (worn)
 Z - a +2 pair of boots of running (worn)
Jewellery
 c - an uncursed ring of flight
 x - the ring of Lewuiz (left hand) {Ice rElec Str+7}
   (You found it on level 3 of the Spider Nest)

   [ring of ice]

   It enhances your ice magic, and weakens your fire magic.
   It affects your strength (+7).
   It makes you vulnerable to fire.
   It protects you from cold.
   It insulates you from electricity.
 J - an amulet of faith (around neck)
 V - the ring "Zuaxkaol" (right hand) {rPois Int+4 Slay+3 SInv}
   (You bought it in a shop on level 11 of the Dungeon)

   [ring of see invisible]

   It affects your intelligence (+4).
   It affects your accuracy and damage with ranged weapons and melee attacks
   (+3).
   It protects you from poison.
   It lets you see invisible.
Wands
 n - a wand of digging (5)
 y - a wand of teleportation (5)
Scrolls
 a - 12 scrolls of fear
 b - 6 scrolls of teleportation
 g - 27 scrolls of remove curse
 k - 3 scrolls of enchant weapon
 v - 10 scrolls of recharging
 I - 14 scrolls of identify
 L - 2 scrolls of blinking
 T - 2 scrolls of summoning
 Y - 4 scrolls of magic mapping
Potions
 d - 8 potions of might
 f - 24 potions of curing
 h - a potion of heal wounds
 j - 3 potions of agility
 l - 2 potions of resistance
 o - a potion of invisibility
 z - 12 potions of haste
 C - 7 potions of berserk rage
 D - 3 potions of flight
Comestibles
 e - 26 bread rations
 q - 16 fruits
 r - 21 meat rations
 N - 9 slices of pizza
 R - 15 royal jellies


   Skills:
 + Level 20.5 Fighting
 + Level 25.0 Long Blades
 + Level 17.6 Armour
 + Level 10.8 Dodging
 + Level 2.5 Stealth
 + Level 26.2 Shields
 + Level 2.4 Invocations


You had 21 spell levels left.
You didn't know any spells.

Dungeon Overview and Level Annotations

Branches:
Dungeon (15/15)            Temple (1/1) D:6            Lair (8/8) D:10
 Shoals (4/4) Lair:6       Spider (4/4) Lair:6        Slime (0/6) Lair:7
    Orc (4/4) D:10            Elf (3/3) Orc:4        Vaults (5/5) D:13
  Crypt (0/3) Vaults:3     Depths (1/5) D:15

Altars:
Ashenzari
Cheibriados
Dithmenos
Elyvilon
Fedhas
Gozag
Kikubaaqudgha
Makhleb
Nemelex Xobeh
Okawaru
Qazlal
Ru
Sif Muna
Trog
Vehumet
Xom
Yredelemnul
Zin
The Shining One
Beogh
Jiyva

Shops:
D:8 !   D:9 %   D:11 =   D:13 *(*!   Orc:2 ?   Orc:4 (%:*   Elf:3 *
Vaults:3 =   Vaults:4 (

Portals:
Abyss: Depths:1


Innate Abilities, Weirdness & Mutations

You reflexively headbutt those who attack you in melee.
You have a pair of horns on your head.
You have sharp toenails.


Message History

You block the redback's attack. The iron troll bites you!
* * * LOW HITPOINT WARNING * * *
You block the iron troll's attack. The iron troll closely misses you.
You block the redback's attack.
You climb upwards.
Welcome back to the Dungeon!
There is a staircase to the Depths here.
Unknown command.
You hit the iron troll but do no damage.
You headbutt the iron troll!
The iron troll is heavily wounded.
You block the redback's attack. You block the iron troll's attack.
The iron troll claws you!!
* * * LOW HITPOINT WARNING * * *
The iron troll barely misses you.
Drink which item? (? for menu, Esc to quit)
You feel better. You block the redback's attack.
You block the iron troll's attack. The iron troll claws you!
* * * LOW HITPOINT WARNING * * *
The iron troll claws you!
You die...

#.#.##########...........####
#.#..........'..............[
#.############..........#.###
##.###### #.........)#....
#.......# ############...)
#.......# ######...[
#.......# #.........
#.......# ### #.......##
#.......# ##@## #.......##
#.......####Ts.## #######)#.
####......#..#..# #######...
######.#..#..# #.........
#.#..#..# #.^.......
#.#..#..# #.........
#<#..#..#####.........
#.##.[.##.............
#.###.###.##########'#


You could see an iron troll and a redback.

Vanquished Creatures
  An ancient lich (Vaults:5)
  Mara (Vaults:4)
  Mennas (Vaults:3)
  Frederick (Vaults:2)
  Saint Roka (Vaults:4)
  Nikola (Elf:2)
  Xtahua (Vaults:4)
  Arachne (Spider:4)
  Jorgrun (Vaults:4)
  3 tentacled monstrosities (Vaults:5)
  A lich (Vaults:5)
  3 deep elf blademasters
  3 quicksilver dragons (Vaults:5)
  A deep elf master archer (Elf:3)
  3 sphinxes
  3 tengu reavers
  Frances (D:13)
  Kirke (D:13)
  4 storm dragons (Vaults:5)
  5 shadow dragons (Vaults:5)
  A fire giant (Vaults:3)
  Roxanne (Spider:1)
  Ilsuiw (Shoals:4)
  Wiglaf (Elf:2)
  10 deep elf sorcerers
  Maud (Lair:5)
  5 ghost moths
  A frost giant (Vaults:5)
  An orc warlord (Orc:4)
  14 vault wardens
  Aizul (Spider:1)
  8 emperor scorpions
  11 ironheart preservers
  5 war gargoyles
  4 very ugly things
  7 stone giants
  2 small abominations (Vaults:5)
  4 deep elf demonologists (Elf:3)
  6 deep elf annihilators
  A salamander stormcaller (Vaults:5)
  The ghost of SirMumm the Thaumaturge, a journeyman DEWz of Vehumet (Orc:3)
  A crystal guardian (Vaults:5)
  16 ettins
  A fire dragon (Vaults:2)
  3 merfolk javelineers
  7 deep elf death magi
  38 vault guards
  14 yaktaur captains
  2 blizzard demons (IceCv)
  Josephine (Spider:1)
  A minotaur (Lab)
  8 merfolk impalers
  3 great orbs of eyes (Vaults:4)
  The ghost of Glider the Protected, a journeyman MiFi of Qazlal (D:12)
  3 deep elf high priests (Vaults:5)
  3 rakshasas
  2 ice dragons (D:15)
  The ghost of Andry07 the Fighter, a journeyman VSFi of the Shining One (Lair:3)
  3 entropy weavers
  6 centaur warriors
  5 hydras
  3 merfolk avatars
  15 dancing weapons (Elf:2)
  18 death yaks
  2 alligator snapping turtles
  5 merfolk aquamancers
  2 deep troll earth magi
  A queen ant (Spider:1)
  3 deep troll shamans
  The ghost of Glider the Slicer, a novice MiFi of Qazlal (D:8)
  2 tengu warriors
  11 ogre magi
  4 satyrs
  A titan zombie (Vaults:4)
  5 orc high priests
  Sonja (D:11)
  A hell knight (Vaults:4)
  15 deep elf knights
  2 fire crabs
  10 sea snakes
  7 skeletal warriors (Vaults:3)
  3 shadow wraiths
  An unseen horror (shapeshifter) (Vaults:5)
  5 ice devils (IceCv)
  A kraken simulacrum (Shoals:4)
  A giant orange brain (Vaults:4)
  An unseen horror (D:15)
  11 deep trolls
  12 deep elf summoners
  6 hill giants
  12 orb spiders
  9 deep elf conjurers
  4 phantasmal warriors (Vaults:5)
  8 orc sorcerers
  3 necromancers
  15 ironbrand convokers
  11 manticores
  15 orc knights
  A salamander (Lair:6)
  23 harpies
  A frost giant zombie (Vaults:2)
  2 fire giant zombies (Vaults:4)
  9 cyclopes
  An oklob plant (Lair:4)
  14 wolf spiders
  24 ugly things
  18 fauns
  15 griffons
  A moth of wrath (Spider:4)
  20 elephants
  2 hornets
  8 human skeletons
  13 sirens
  5 water nymphs
  16 vault sentinels
  A frost giant skeleton (Vaults:3)
  12 black mambas
  A stone giant skeleton (Vaults:3)
  2 ice statues (IceCv)
  2 torpor snails
  32 spiny frogs
  4 gargoyles
  A titan simulacrum (Vaults:4)
  A komodo dragon (shapeshifter) (Vaults:2)
  2 yaktaurs (shapeshifter)
  3 kobold demonologists
  A tengu conjurer (D:13)
  7 demonic crawlers
  An efreet (D:15)
  9 blue devils (IceCv)
  A queen bee (Lair:5)
  The ghost of Andry07 the Skirmisher, a novice VSFi (D:5)
  44 yaktaurs
  29 two-headed ogres
  11 trolls
  3 fire drakes
  16 deep elf priests
  7 komodo dragons
  6 wind drakes
  31 merfolk
  3 polar bears
  2 giant leeches (Lair:8)
  9 freezing wraiths
  28 jumping spiders
  Grinder (Sewer)
  7 slime creatures (Vaults:1)
  3 wind drakes (shapeshifter)
  37 blink frogs
  4 boulder beetles
  4 snapping turtles
  A shadow (D:14)
  26 trapdoor spiders
  54 redbacks
  Sigmund (D:3)
  14 tarantellas
  A spriggan (shapeshifter) (Vaults:2)
  5 wraiths
  An ettin skeleton (Vaults:3)
  29 yaks
  25 deep elf magi
  4 wyverns
  14 water elementals
  16 vampire mosquitoes
  5 basilisks
  22 deep elf fighters
  4 hungry ghosts
  Grum (D:9)
  12 hippogriffs
  8 wolves
  5 wargs
  A steam dragon (D:11)
  4 fire bats (Lair:6)
  A golden eye (shapeshifter) (D:11)
  5 hogs (D:13)
  3 soldier ants (Spider:1)
  A mottled dragon (Vaults:1)
  11 water moccasins
  2 deep troll skeletons (Vaults:3)
  16 spiders
  11 porcupines
  3 black bears
  5 ice beasts
  4 sky beasts
  A necrophage (D:8)
  70 orc warriors
  An ettin simulacrum (Vaults:4)
  6 phantoms
  5 boggarts (Vaults:1)
  An eye of draining (D:11)
  A centaur (shapeshifter) (Vaults:3)
  56 ogres
  21 crocodiles
  8 elf zombies (Ossuary)
  42 giant frogs
  8 centaurs
  5 big kobolds
  4 scorpions
  A wyvern skeleton (D:13)
  32 killer bees
  A water moccasin skeleton (D:4)
  A troll zombie (D:10)
  5 wights
  2 quasits
  10 electric eels
  6 hounds
  3 human zombies
  A giant frog zombie (D:8)
  2 human simulacra
  3 centaur zombies
  51 orc priests
  3 centaur skeletons
  3 crimson imps
  A jelly (D:6)
  Crazy Yiuf (D:5)
  2 giant frog skeletons
  A gnoll shaman (D:7)
  10 iguanas
  34 orc wizards
  An elf simulacrum (Vaults:3)
  Terence (D:2)
  25 worker ants
  A killer bee zombie (D:10)
  55 sheep
  5 ogre zombies (D:10)
  4 big kobold zombies (Sewer)
  4 mummies
  2 worker ant zombies
  3 gnolls (D:7)
  14 adders
  59 river rats
  4 shadow imps
  10 white imps (IceCv)
  5 ufetubi
  4 oozes
  2 adder skeletons
  2 adder zombies (D:6)
  4 worms
  250 orcs
  A ball python (D:3)
  A bat zombie (Sewer)
  7 hobgoblins
  6 jackals
  8 quokkas
  13 bats
  10 giant cockroaches
  A giant cockroach zombie (D:5)
  10 giant geckos
  4 giant newts
  7 goblins
  4 goblin zombies
  3 hobgoblin zombies (D:10)
  51 kobolds
  A kobold zombie (Sewer)
  An orc skeleton (D:10)
  13 orc zombies
  A quokka skeleton (D:5)
  5 rats
  6 crawling corpses
  A fire vortex (Vaults:5)
  2 fungi
  3 plants
  A tentacle segment (Shoals:4)
2300 creatures vanquished.

Vanquished Creatures (others)
  A deep elf demonologist (Vaults:5)
  2 merfolk javelineers
  A deep elf conjurer (Elf:2)
  A faun (Shoals:2)
  A cyclops (Shoals:3)
  A yaktaur (Vaults:5)
  A deep elf priest (Vaults:5)
  4 ufetubi (IceCv)
  3 orcs (Orc:4)
  A giant cockroach (Sewer)
  20 fungi
  10 plants
  8 tentacles (Shoals:4)
  44 tentacle segments (Shoals:4)
98 creatures vanquished.

Grand Total: 2398 creatures vanquished

Notes
Turn   | Place    | Note
--------------------------------------------------------------
     0 | D:1      | Peloso the Minotaur Fighter began the quest for the Orb.
     0 | D:1      | Reached XP level 1. HP: 19/19 MP: 0/0
   272 | D:1      | Reached XP level 2. HP: 27/27 MP: 1/1
   499 | D:1      | Reached skill level 4 in Fighting
   778 | D:2      | Noticed Terence
   784 | D:2      | Reached skill level 1 in Dodging
   784 | D:2      | Reached XP level 3. HP: 23/33 MP: 2/2
   794 | D:2      | Killed Terence
   825 | D:2      | Reached XP level 4. HP: 21/40 MP: 3/3
   969 | D:2      | Found a burning altar of Makhleb.
  1472 | D:3      | Reached XP level 5. HP: 42/47 MP: 4/4
  1541 | D:3      | Found a deep blue altar of Sif Muna.
  1607 | D:3      | Found a glowing drain.
  1630 | Sewer    | Entered a sewer
  2015 | Sewer    | Found a burning altar of Makhleb.
  2020 | Sewer    | Reached skill level 5 in Shields
  2023 | Sewer    | Reached skill level 5 in Armour
  2023 | Sewer    | Reached XP level 6. HP: 51/53 MP: 5/5
  2086 | Sewer    | Noticed an apprentice kobold demonologist
  2096 | Sewer    | Killed an apprentice kobold demonologist
  2096 | Sewer    | Reached skill level 5 in Fighting
  2096 | Sewer    | Reached skill level 6 in Shields
  2096 | Sewer    | Reached XP level 7. HP: 56/61 MP: 6/6
  2141 | Sewer    | Noticed Grinder
  2154 | Sewer    | Killed Grinder
  2154 | Sewer    | Reached skill level 7 in Shields
  2558 | D:3      | Found a faded altar to an unknown god.
  2679 | D:3      | Noticed Sigmund
  2697 | D:3      | Killed Sigmund
  2697 | D:3      | Reached skill level 5 in Long Blades
  2697 | D:3      | Reached XP level 8. HP: 50/70 MP: 7/7
  2873 | D:3      | Found a glowing golden altar of the Shining One.
  2874 | D:3      | Found a shattered altar of Ashenzari.
  3054 | D:4      | Reached skill level 8 in Shields
  3634 | D:5      | Entered Level 5 of the Dungeon
  3667 | D:5      | Reached skill level 5 in Dodging
  3717 | D:5      | Reached skill level 9 in Shields
  3794 | D:5      | Reached XP level 9. HP: 75/78 MP: 8/8
  3864 | D:5      | Noticed Andry07's ghost (novice VSFi)
  3872 | D:5      | Killed Andry07's ghost
  3959 | D:5      | Got a faintly glowing spear
  4044 | D:5      | Identified the +6 spear "Grim" {drain, Int+2 Dex+3} (You found it on level 5 of the Dungeon)
  4171 | D:5      | Noticed Crazy Yiuf
  4185 | D:5      | Killed Crazy Yiuf
  4389 | D:6      | Reached skill level 10 in Shields
  4402 | D:6      | Found a shimmering altar of Xom.
  4402 | D:6      | Found an opulent altar of Gozag.
  4402 | D:6      | Found a sparkling altar of Nemelex Xobeh.
  4483 | D:6      | Found a sand-covered staircase.
  4490 | Ossuary  | Entered an ossuary
  5050 | D:6      | Found a staircase to the Ecumenical Temple.
  5069 | Temple   | Entered the Ecumenical Temple
  5084 | Temple   | Became a worshipper of Warmaster Okawaru
  5279 | D:6      | Reached XP level 10. HP: 83/86 MP: 9/9
  5562 | D:7      | Reached skill level 11 in Shields
  6044 | D:8      | Noticed Glider's ghost (novice MiFi)
  6068 | D:8      | Killed Glider's ghost
  6068 | D:8      | Reached * piety under Okawaru
  6272 | D:8      | Found Bov Farghydgh's Distillery.
  6395 | D:8      | Reached ** piety under Okawaru
  7136 | D:9      | Reached *** piety under Okawaru
  7164 | D:9      | Noticed Grum
  7173 | D:9      | Killed Grum
  7215 | D:9      | Found Ykol's Food Shoppe.
  7250 | D:9      | Reached XP level 11. HP: 79/95 MP: 10/10
  7300 | D:10     | Entered Level 10 of the Dungeon
  7354 | D:10     | Reached skill level 12 in Shields
  7705 | D:10     | Found a staircase to the Orcish Mines.
  7785 | D:10     | Reached **** piety under Okawaru
  7819 | D:10     | Reached skill level 10 in Long Blades
  8193 | D:10     | Found a staircase to the Lair.
  8592 | D:11     | Reached skill level 1 in Stealth
  8866 | D:11     | Noticed an eight-headed hydra
  8941 | Orc:1    | Entered Level 1 of the Orcish Mines
  9160 | Orc:2    | Found Sicenote's Magic Scroll Emporium.
  9428 | Orc:2    | Reached ***** piety under Okawaru
  9430 | Orc:2    | HP: 1/97 [orc warrior/enchanted trident (18)]
  9435 | Orc:2    | Noticed a soul eater
  9436 | Orc:2    | Noticed a soul eater
  9719 | Orc:2    | Reached skill level 13 in Shields
 10313 | Orc:3    | Received a gift from Okawaru
 10526 | Orc:3    | Noticed SirMumm's ghost (journeyman DEWz)
 10537 | Orc:3    | Killed SirMumm's ghost
 10537 | Orc:3    | Reached skill level 10 in Armour
 10831 | Orc:4    | Entered Level 4 of the Orcish Mines
 11132 | Orc:4    | Reached XP level 12. HP: 87/106 MP: 11/11
 11436 | Orc:4    | Found a roughly hewn altar of Beogh.
 11649 | Orc:4    | Found Ydiatey's Assorted Antiques.
 11680 | Orc:4    | Found Naopp's Book Shop.
 11696 | Orc:4    | Reached skill level 10 in Fighting
 11696 | Orc:4    | Reached skill level 14 in Shields
 12000 | Orc:4    | Paralysed by an orc sorcerer for 3 turns
 12010 | Orc:4    | Reached ****** piety under Okawaru
 12010 | Orc:4    | Received a gift from Okawaru
 12028 | Orc:4    | Got a pitted broad axe {god gift}
 12040 | Orc:4    | Identified the +6 broad axe of Okawaru's Reproof {flame, +Rage rN+ MR-} (Okawaru gifted it to you on level 4 of the Orcish Mines)
 12544 | Orc:4    | Found a staircase to the Elven Halls.
 12731 | Orc:4    | Found Kihif's Food Shoppe.
 12736 | Orc:4    | Noticed an orc high priest
 12782 | Orc:4    | Killed an orc high priest
 12887 | Orc:4    | Noticed an orc warlord
 12917 | Orc:4    | Killed an orc warlord
 12917 | Orc:4    | Received a gift from Okawaru
 12963 | Orc:4    | Got a pair of scorched gloves {god gift}
 12969 | Orc:4    | Identified the +0 pair of gloves of Brilliance {Dex+2} (Okawaru gifted it to you on level 4 of the Orcish Mines)
 13248 | Orc:4    | Found a roughly hewn altar of Beogh.
 13283 | Orc:4    | Noticed an orc high priest
 13397 | Orc:4    | Killed an orc high priest
 13969 | Orc:4    | Found Itziypp's Weapon Shop.
 13970 | Orc:4    | Noticed an orc high priest
 14007 | Orc:4    | Killed an orc high priest
 14008 | Orc:4    | HP: 2/108 [orc priest/divine providence (9)]
 14016 | Orc:4    | Reached skill level 15 in Shields
 14315 | Orc:4    | Noticed an orc high priest
 14329 | Orc:4    | Reached skill level 1 in Invocations
 14331 | Orc:4    | Reached XP level 13. HP: 100/114 MP: 9/12
 14369 | Orc:4    | Killed an orc high priest
 15457 | D:11     | Received a gift from Okawaru
 15627 | D:11     | Killed a four-headed hydra
 15750 | D:11     | Found Ystrugar's Jewellery Shop.
 15766 | D:11     | Bought the ring "Zuaxkaol" {rPois Int+4 Slay+3 SInv} for 566 gold pieces
 15877 | D:11     | Noticed Sonja
 16034 | D:11     | Killed Sonja
 16919 | D:13     | Noticed Frances
 16938 | D:13     | Killed Frances
 16938 | D:13     | Received a gift from Okawaru
 17307 | D:13     | Noticed Kirke
 17323 | D:13     | Noticed a sphinx
 17327 | D:13     | Killed Kirke
 17376 | D:13     | Found Eshops's General Store.
 17493 | D:13     | Found a gate to the Vaults.
 17502 | D:13     | Reached skill level 16 in Shields
 17509 | D:13     | Received a gift from Okawaru
 17757 | D:13     | Found Iblari Siefu's Antique Weapon Shop.
 17832 | D:13     | Received a gift from Okawaru
 17867 | D:13     | Found Losohuebb's Distillery.
 17913 | D:13     | Reached XP level 14. HP: 125/125 MP: 13/13
 18079 | D:13     | Found Imosk's General Store.
 19099 | D:15     | Entered Level 15 of the Dungeon
 19247 | D:15     | Reached skill level 15 in Long Blades
 19392 | D:15     | Received a gift from Okawaru
 19542 | D:15     | Found a shattered altar of Ashenzari.
 19809 | D:15     | Reached skill level 17 in Shields
 19810 | D:15     | Found a staircase to the Depths.
 20059 | Lair:1   | Entered Level 1 of the Lair of Beasts
 21713 | Lair:3   | Received a gift from Okawaru
 21965 | Lair:3   | Noticed Andry07's ghost (journeyman VSFi)
 21972 | Lair:3   | Killed Andry07's ghost
 22412 | Lair:3   | Gained mutation: You have sharp toenails. [potion of beneficial mutation]
 22983 | Lair:4   | Reached XP level 15. HP: 124/135 MP: 15/15
 23935 | Lair:5   | Received a gift from Okawaru
 23939 | Lair:5   | Got an encrusted cloak {god gift}
 23950 | Lair:5   | Identified the +2 cloak of the Moon {rF+ rC+} (Okawaru gifted it to you on level 5 of the Lair of Beasts)
 24327 | Lair:5   | Noticed Maud
 24345 | Lair:5   | Killed Maud
 25430 | Lair:6   | Reached skill level 18 in Shields
 25572 | Lair:6   | Found a hole to the Spider Nest.
 25850 | Lair:6   | Received a gift from Okawaru
 26157 | Lair:6   | Found a staircase to the Shoals.
 26859 | Lair:7   | Received a gift from Okawaru
 27298 | Lair:7   | Found a viscous altar of Jiyva.
 27298 | Lair:7   | Found a staircase to the Slime Pits.
 28042 | Lair:8   | Entered Level 8 of the Lair of Beasts
 28150 | Lair:8   | Found a labyrinth entrance.
 28182 | Lair:8   | Reached XP level 16. HP: 22/146 MP: 16/16
 28200 | Lair:8   | Reached skill level 19 in Shields
 28245 | Lab      | Entered a labyrinth
 30426 | Lair:8   | Got a shimmering scale mail
 30437 | Lair:8   | Identified the +6 scale mail of Dosalu {+Fly rElec Str-3 Int+4} (You found it on level 8 of the Lair of Beasts)
 30489 | Lair:8   | Received a gift from Okawaru
 30679 | Lair:8   | Identified a scroll of acquirement
 32144 | Elf:1    | Entered Level 1 of the Elven Halls
 32179 | Elf:1    | Found a radiant altar of Vehumet.
 32197 | Elf:1    | Received a gift from Okawaru
 32204 | Elf:1    | Got a brightly glowing shield {god gift}
 32215 | Elf:1    | Identified the +0 shield "Buungimp" {rPois rN+ Dex-2 Stlth+} (Okawaru gifted it to you on level 1 of the Elven Halls)
 33261 | Shoals:1 | Entered Level 1 of the Shoals
 33768 | Shoals:1 | Reached skill level 20 in Shields
 34201 | Spider:1 | Entered Level 1 of the Spider Nest
 34232 | Spider:1 | Received a gift from Okawaru
 34236 | Spider:1 | Got a steaming falchion {god gift}
 34238 | Spider:1 | Identified the +7 falchion of the Mouth {vamp, Dex+7} (Okawaru gifted it to you on level 1 of the Spider Nest)
 34313 | Spider:1 | Noticed Aizul
 34343 | Spider:1 | Killed Aizul
 34620 | Spider:1 | Noticed Josephine
 34636 | Spider:1 | Killed Josephine
 34663 | Spider:1 | Noticed Roxanne
 34716 | Spider:1 | Killed Roxanne
 34909 | Spider:1 | Received a gift from Okawaru
 34996 | Spider:1 | Reached XP level 17. HP: 151/154 MP: 17/17
 35471 | Spider:2 | Got a spiked ring mail
 35541 | Spider:2 | Identified the cursed +1 ring mail of Morality {Dex+7} (You found it on level 2 of the Spider Nest)
 36435 | Spider:3 | Reached skill level 15 in Armour
 36577 | Spider:3 | Got a bound steel ring
 36772 | Spider:3 | Reached skill level 15 in Fighting
 36778 | Spider:3 | Received a gift from Okawaru
 36792 | Spider:3 | Identified the ring of Lewuiz {Ice rElec Str+7} (You found it on level 3 of the Spider Nest)
 36985 | Spider:3 | Reached skill level 21 in Shields
 37401 | Spider:4 | Entered Level 4 of the Spider Nest
 37401 | Spider:4 | Noticed Arachne
 37412 | Spider:4 | Killed Arachne
 37756 | Spider:4 | Received a gift from Okawaru
 38314 | Spider:4 | Got a gossamer rune of Zot
 39921 | Shoals:2 | Received a gift from Okawaru
 39963 | Shoals:2 | Reached XP level 18. HP: 79/163 MP: 18/18
 39983 | Shoals:2 | HP: 2/163 [satyr/arrow (14)]
 40838 | Shoals:2 | Reached skill level 22 in Shields
 41004 | Shoals:2 | Got a flickering steel ring
 41902 | Shoals:3 | Received a gift from Okawaru
 42031 | Shoals:4 | Entered Level 4 of the Shoals
 42040 | Shoals:4 | Reached skill level 10 in Dodging
 42131 | Shoals:4 | Got a barnacled rune of Zot
 42380 | Shoals:4 | Got a heavily runed buckler
 42391 | Shoals:4 | Identified the +0 buckler of the Four Wars {+Blink rElec rN+ Int-3} (You found it on level 4 of the Shoals)
 42488 | Shoals:4 | Received a gift from Okawaru
 42491 | Shoals:4 | Got a spiked large shield {god gift}
 42503 | Shoals:4 | Identified the -5 large shield "Waosoput" {rElec Int+7} (Okawaru gifted it to you on level 4 of the Shoals)
 42687 | Shoals:4 | Noticed Ilsuiw
 42707 | Shoals:4 | Killed Ilsuiw
 43390 | Shoals:4 | Identified Leleem's Volume of Bewitchment
 44095 | Temple   | Identified the ring of Reon {rF+ MR+ SInv} (You found it on level 2 of the Shoals)
 44585 | Elf:2    | Reached skill level 23 in Shields
 44654 | Elf:2    | Found a frozen archway.
 44677 | IceCv    | Entered an ice cave
 44910 | IceCv    | Reached XP level 19. HP: 91/172 MP: 19/19
 44919 | IceCv    | Got a faintly glowing ruby amulet
 44924 | IceCv    | Identified the amulet "Hejeev" {+Rage rPois rF- rN+ Dex+4} (You found it in an ice cave)
 45354 | Elf:2    | Found a huge runed gate.
 45354 | Elf:2    | Found a huge runed gate.
 45355 | Elf:2    | Found a huge runed gate.
 45356 | Elf:2    | Found a huge runed gate.
 45366 | Elf:2    | Found a huge runed gate.
 45540 | Elf:2    | Noticed Nikola
 45555 | Elf:2    | Killed Nikola
 45594 | Elf:2    | Received a gift from Okawaru
 45957 | Elf:2    | Noticed Wiglaf
 45999 | Elf:2    | Killed Wiglaf
 46570 | Elf:3    | Entered Level 3 of the Elven Halls
 46874 | Elf:3    | Found Konekh's Assorted Antiques.
 47579 | Elf:3    | Received a gift from Okawaru
 49520 | Elf:3    | Got a pitted plate armour
 49531 | Elf:3    | Identified the +1 plate armour of Elyvilon's Scorn {rPois rN++ Str+3} (You found it on level 3 of the Elven Halls)
 49552 | Elf:3    | Identified the Compendium of Beguiling (You found it on level 3 of the Elven Halls)
 49575 | Elf:3    | Identified Kuikeumm's Papyrus of Damaging Air (You found it on level 3 of the Elven Halls)
 49610 | Elf:3    | Got an encrusted morningstar {flame}
 49611 | Elf:3    | Identified the +5 morningstar of Grandeur {flame, +Fly rN+} (You took it off a deep elf sorcerer on level 3 of the Elven Halls)
 49831 | Elf:3    | Got a polished leather armour
 49842 | Elf:3    | Identified the +1 leather armour "Xesix" {rElec rC+ Str-3} (You took it off a deep elf annihilator on level 3 of the Elven Halls)
 50382 | D:12     | Noticed Glider's ghost (journeyman MiFi)
 50385 | D:12     | Killed Glider's ghost
 50443 | Vaults:1 | Entered Level 1 of the Vaults
 50451 | Vaults:1 | Received a gift from Okawaru
 50451 | Vaults:1 | Reached skill level 24 in Shields
 50787 | Vaults:1 | Got a steaming hat
 50798 | Vaults:1 | Identified the +0 hat "Ublau" {rElec MR- Str+2} (You acquired it on level 1 of the Vaults)
 50939 | Vaults:1 | Reached XP level 20. HP: 140/184 MP: 20/20
 51747 | Vaults:1 | Got a scorched shield
 51758 | Vaults:1 | Identified the +5 shield of Gumer {Regen+ SInv} (You found it on level 1 of the Vaults)
 52367 | Vaults:2 | Noticed Frederick
 52374 | Vaults:2 | Killed Frederick
 52431 | Vaults:2 | Received a gift from Okawaru
 52445 | Vaults:2 | Got a shimmering hat
 52456 | Vaults:2 | Identified the +2 hat "Jauc" {*Confuse Regen+ Str-5 Int+2} (You acquired it on level 2 of the Vaults)
 52467 | Vaults:2 | Got a shimmering cloak {god gift}
 52478 | Vaults:2 | Identified the +0 cloak "Yqogrewn" {rElec rF+} (Okawaru gifted it to you on level 2 of the Vaults)
 53292 | Vaults:3 | Noticed Mennas
 53359 | Vaults:3 | Killed Mennas
 53780 | Vaults:3 | Received a gift from Okawaru
 53913 | Vaults:3 | Found Ahop's Jewellery Shop.
 54483 | Vaults:3 | Reached XP level 21. HP: 187/195 MP: 21/21
 54556 | Vaults:3 | Received a gift from Okawaru
 54592 | Vaults:3 | Found a staircase to the Crypt.
 54821 | Vaults:4 | Noticed Saint Roka
 54859 | Vaults:4 | Killed Saint Roka
 55057 | Vaults:4 | Reached skill level 25 in Shields
 55288 | Vaults:4 | Noticed Mara
 55296 | Vaults:4 | Noticed Peloso's illusion
 55298 | Vaults:4 | Killed Mara
 55669 | Vaults:4 | Found Qasen's Weapon Boutique.
 56025 | Vaults:4 | Noticed Xtahua
 56033 | Vaults:4 | Killed Xtahua
 56206 | Vaults:4 | Received a gift from Okawaru
 56362 | Vaults:4 | Noticed Jorgrun
 56369 | Vaults:4 | Killed Jorgrun
 56828 | Vaults:5 | Entered Level 5 of the Vaults
 57237 | Vaults:5 | Received a gift from Okawaru
 57273 | Vaults:5 | Received a gift from Okawaru
 57288 | Vaults:5 | Identified a +1 pair of boots of running (Okawaru gifted it to you on level 5 of the Vaults)
 57511 | Vaults:5 | Reached XP level 22. HP: 99/206 MP: 22/22
 58498 | Vaults:5 | Received a gift from Okawaru
 58502 | Vaults:5 | Got a slimy large shield {god gift}
 58513 | Vaults:5 | Identified the +0 large shield of Twilight {rElec rF- rC+ SInv} (Okawaru gifted it to you on level 5 of the Vaults)
 58647 | Vaults:5 | Got a clouded steel ring
 58657 | Vaults:5 | Got a shimmering large shield
 58668 | Vaults:5 | Identified the +2 large shield of Pleasant Breezes {Regen+ Int+6 Stlth+} (You acquired it on level 5 of the Vaults)
 58819 | Vaults:5 | Noticed an ancient lich
 58853 | Vaults:5 | Killed an ancient lich
 58853 | Vaults:5 | Reached skill level 26 in Shields
 59130 | Vaults:5 | Identified the ring "Ipriphuy" {Ice rElec Str+4} (You took it off a frost giant on level 5 of the Vaults)
 59272 | Vaults:5 | Got a silver rune of Zot
 59506 | Vaults:5 | Received a gift from Okawaru
 59756 | Vaults:5 | Got a shimmering golden amulet
 59759 | Vaults:5 | Identified the amulet of the Ego {Gourm MR++ Str+3 Dex-3} (You took it off a deep elf death mage on level 5 of the Vaults)
 59887 | Vaults:5 | Got a jewelled ring mail
 59927 | Vaults:5 | Identified the cursed +0 ring mail of Death Resistance {Str+4} (You found it on level 5 of the Vaults)
 61529 | Depths:1 | Entered Level 1 of the Depths
 61529 | Depths:1 | Found a one-way gate to the infinite horrors of the Abyss.
 61553 | Depths:1 | Received a gift from Okawaru
 61560 | D:15     | HP: 8/211 [iron troll (9)]
 61560 | D:15     | Slain by an iron troll

Action                   |  1- 3 |  4- 6 |  7- 9 | 10-12 | 13-15 | 16-18 | 19-21 | 22-24 || total
-------------------------+-------+-------+-------+-------+-------+-------+-------+-------++-------
Melee: Long sword        |    53 |   180 |   259 |       |  1276 |   892 |       |       ||  2660
       Falchion          |       |       |   136 |  1064 |   364 |       |       |       ||  1564
       Demon blade       |       |       |       |       |       |  1002 |     5 |       ||  1007
       Katana            |       |       |       |       |       |       |  1368 |   313 ||  1681
       Scimitar          |       |       |       |       |       |       |       |    94 ||    94
Invok: Heroism           |       |       |       |     4 |     4 |     3 |     4 |       ||    15
  Use: Scroll            |       |       |     9 |    13 |    13 |    22 |    10 |    10 ||    77
       Potion            |       |       |       |     4 |     1 |    10 |     3 |     4 ||    22
  Eat: Chunk             |       |     4 |    11 |    33 |    45 |    42 |    34 |     5 ||   174
       Fruit             |       |       |       |     2 |       |       |     2 |       ||     4
       Beef jerky        |       |       |       |       |       |    10 |     3 |       ||    13
       Pizza             |       |       |       |       |       |       |       |     5 ||     5
